GBC
SYDNEY SHARKS @ LONDON MONARCHS
08/06/2058
 
TOP OF THE 1ST
Sydney Sharks batting - Pitching for London Monarchs : RHP Kaden Umair
Pitching: RHP Kaden Umair
Batting: RHB Luke Collingridge 0-0: Swinging Strike
0-1: SINGLE (Groundball, 56D, EV 94.4 MPH)
Batting: RHB Mohammed bin Mus'ad 0-0: Called Strike
0-1: Ball
1-1: Foul Ball, location: 9LDF
1-2: SINGLE (Line Drive, 6M, EV 102.5 MPH)
Luke Collingridge to second
Runner from 2nd tries for 3rd, OUT! 8-5
Batting: SHB Milojica Kraljevic 0-0: Foul Ball, location: 3FF
0-1: Ball
1-1: Swinging Strike
1-2: Fly out, F8 (Flyball, 8RD, EV 102.5 MPH)
Batting: SHB Wasim Ala' 0-0: Foul Ball, location: 3SF
0-1: Ball
1-1: Foul Ball, location: 7LDF
1-2: Ball
2-2: Strikes out swinging
Top of the 1st over - 0 runs, 2 hits, 0 errors, 1 left on base; Sydney 0 - London 0
BOTTOM OF THE 1ST
London Monarchs batting - Pitching for Sydney Sharks : RHP Callum Duckering
Pitching: RHP Callum Duckering
Batting: LHB Jae-hyung Chi 0-0: Ball
1-0: Foul Ball, location: 2F
1-1: Ground out 6-3 (Groundball, 6M, EV 100.6 MPH)
Batting: RHB Cary Brackett 0-0: Ball
1-0: Ball
2-0: Ball
3-0: Called Strike
3-1: Ground out 4-3 (Groundball, 4, EV 80.0 MPH)
Batting: LHB Pedro Mendoza 0-0: Ball
1-0: Ball
2-0: Ground out 1-3 (Groundball, 34S, EV 64.4 MPH)
Bottom of the 1st over - 0 runs, 0 hits, 0 errors, 0 left on base; Sydney 0 - London 0
TOP OF THE 2ND
Sydney Sharks batting - Pitching for London Monarchs : RHP Kaden Umair
Batting: LHB Wesley Johnson 0-0: Ball
1-0: Ball
2-0: Fly out, F7 (Flyball, 7, EV 99.4 MPH)
Batting: RHB Jamal bin Majd 0-0: Ball
1-0: Foul Ball, location: 5FF
1-1: DOUBLE (Line Drive, 8LXD, EV 98.8 MPH)
Batting: LHB Keaton Guest 0-0: SINGLE (Groundball, 34D, EV 108.8 MPH)
Jamal bin Majd to third
Runner from 3rd tries for Home, SAFE, throw by RF to home
Batting: RHB Oskar Lojdahl 0-0: Called Strike
0-1: Foul Ball, location: 2F
0-2: Ball
1-2: Ball
2-2: Ball
Keaton Guest steals 2nd base
3-2: Foul Ball, location: 7LDF
3-2: Base on Balls
Batting: RHB Talib bin Isra'il 0-0: Ball
1-0: Swinging Strike
1-1: Ball
2-1: Ball
3-1: Called Strike
3-2: SINGLE (Groundball, 56S, EV 70.6 MPH) (infield hit)
Keaton Guest to third
Oskar Lojdahl to second
Batting: RHB Luke Collingridge 0-0: Reached via error on a dropped throw from 2B, E6 (Groundball, 4, EV 101.3 MPH)
Keaton Guest scores
Oskar Lojdahl to third
Talib bin Isra'il to second
Batting: RHB Mohammed bin Mus'ad 0-0: Ball
1-0: Ball
2-0: Ball
3-0: Called Strike
3-1: Foul Ball, location: 9LDF
3-2: Strikes out looking
Batting: SHB Milojica Kraljevic 0-0: Called Strike
0-1: Called Strike
0-2: Strikes out swinging
Top of the 2nd over - 2 runs, 3 hits, 1 error, 3 left on base; Sydney 2 - London 0
BOTTOM OF THE 2ND
London Monarchs batting - Pitching for Sydney Sharks : RHP Callum Duckering
Batting: LHB Mauro Felman 0-0: Ball
1-0: Called Strike
1-1: Foul Ball, location: 2LF
1-2: Ball
2-2: Foul Ball, location: 3FF
2-2: Strikes out swinging
Batting: LHB Dan Beard 0-0: Ball
1-0: Ground out 4-3 (Groundball, 4, EV 108.8 MPH)
Batting: RHB Dan Adams 0-0: Ball
1-0: Called Strike
1-1: Ball
2-1: Fly out, F8 (Flyball, 8RM, EV 94.4 MPH)
Bottom of the 2nd over - 0 runs, 0 hits, 0 errors, 0 left on base; Sydney 2 - London 0
TOP OF THE 3RD
Sydney Sharks batting - Pitching for London Monarchs : RHP Kaden Umair
Batting: SHB Wasim Ala' 0-0: Ball
1-0: Ball
2-0: Ball
3-0: Foul Ball, location: 7LMF
3-1: Foul Ball, location: 9LMF
3-2: Foul Ball, location: 7LSF
3-2: Fly out, F8 (Line Drive, 89M, EV 87.5 MPH)
Batting: LHB Wesley Johnson 0-0: Called Strike
0-1: Ball
1-1: Foul Ball, location: 2F
1-2: Ball
2-2: Fly out, F7 (Flyball, 78M, EV 90.0 MPH)
Batting: RHB Jamal bin Majd 0-0: Ball
1-0: Called Strike
1-1: Foul Ball, location: 7LMF
1-2: SINGLE (Flyball, 34D, EV 98.1 MPH)
Batting: LHB Keaton Guest 0-0: Called Strike
0-1: Called Strike
0-2: SINGLE (Line Drive, 7S, EV 106.9 MPH)
Jamal bin Majd to second
Batting: RHB Oskar Lojdahl 0-0: Foul Ball, location: 2F
0-1: Called Strike
0-2: Ball
1-2: Ground out U3 (Groundball, 34, EV 87.5 MPH)
Top of the 3rd over - 0 runs, 2 hits, 0 errors, 2 left on base; Sydney 2 - London 0
BOTTOM OF THE 3RD
London Monarchs batting - Pitching for Sydney Sharks : RHP Callum Duckering
Batting: LHB Tyler Pavey 0-0: Called Strike
0-1: Called Strike
0-2: Strikes out swinging
Batting: RHB Isaac Emmott 0-0: Bunt missed!
0-1: Foul Ball, location: 5F
0-2: Ball
1-2: Ball
2-2: Ball
3-2: Base on Balls
Batting: RHB Jian-ying Xian 0-0: Ball
Wild Pitch!
Isaac Emmott to second
1-0: Swinging Strike
1-1: Foul Ball, location: 9LSF
1-2: DOUBLE (Line Drive, 89M, EV 93.1 MPH)
Isaac Emmott scores
Batting: LHB Jae-hyung Chi 0-0: Ball
1-0: 2-RUN HOME RUN (Flyball, 89XD, EV 108.1 MPH), Distance : 417 ft
Batting: RHB Cary Brackett 0-0: Called Strike
0-1: Ball
1-1: Fly out, F8 (Flyball, 8LM, EV 86.9 MPH)
Batting: LHB Pedro Mendoza 0-0: Called Strike
0-1: Swinging Strike
0-2: Foul Ball, location: 5DF
0-2: Fly out, F9 (Flyball, 9, EV 92.5 MPH)
Bottom of the 3rd over - 3 runs, 2 hits, 0 errors, 0 left on base; Sydney 2 - London 3
TOP OF THE 4TH
Sydney Sharks batting - Pitching for London Monarchs : RHP Kaden Umair
Batting: RHB Talib bin Isra'il 0-0: Foul Ball, location: 5DF
0-1: SINGLE (Line Drive, 56D, EV 98.8 MPH)
Batting: RHB Luke Collingridge 0-0: Ball
1-0: Called Strike
1-1: Foul Ball, location: 9LDF
1-2: Foul Ball, location: 9LDF
1-2: Fielders Choice at 2nd, 5-4 (Groundball, 5, EV 98.8 MPH)
Batting: RHB Mohammed bin Mus'ad 0-0: Ball
1-0: Ball
2-0: Ball
3-0: Called Strike
3-1: Swinging Strike
3-2: Fly out, F8 (Flyball, 89S, EV 85.0 MPH)
Batting: SHB Milojica Kraljevic 0-0: Called Strike
0-1: Ball
1-1: Called Strike
1-2: Strikes out swinging
Top of the 4th over - 0 runs, 1 hit, 0 errors, 1 left on base; Sydney 2 - London 3
BOTTOM OF THE 4TH
London Monarchs batting - Pitching for Sydney Sharks : RHP Callum Duckering
Batting: LHB Mauro Felman 0-0: Called Strike
0-1: Ball
1-1: Ball
2-1: SOLO HOME RUN (Flyball, 9D, EV 96.9 MPH), Distance : 364 ft
Batting: LHB Dan Beard 0-0: Ball
1-0: Ground out U3 (Groundball, 3, EV 88.1 MPH)
Batting: RHB Dan Adams 0-0: Foul Ball, location: 3F
0-1: Called Strike
0-2: Fly out, F8 (Flyball, 89M, EV 80.6 MPH)
Batting: LHB Tyler Pavey 0-0: Fly out, F8 (Line Drive, 8RD, EV 85.6 MPH)
Bottom of the 4th over - 1 run, 1 hit, 0 errors, 0 left on base; Sydney 2 - London 4
TOP OF THE 5TH
Sydney Sharks batting - Pitching for London Monarchs : RHP Kaden Umair
Batting: SHB Wasim Ala' 0-0: Ball
1-0: Fly out, F7 (Line Drive, 7, EV 92.5 MPH)
Batting: LHB Wesley Johnson 0-0: Foul Ball, location: 7LMF
0-1: Ball
1-1: SINGLE (Line Drive, 89M, EV 101.9 MPH)
Batting: RHB Jamal bin Majd 0-0: Called Strike
0-1: Fly out, F8 (Flyball, 89D, EV 84.4 MPH)
Batting: LHB Keaton Guest 0-0: Ball
1-0: Ball
2-0: Foul Ball, location: 2F
2-1: Foul Ball, location: 3FF
2-2: SINGLE (Line Drive, 78S, EV 93.8 MPH)
Wesley Johnson to second
Batting: RHB Oskar Lojdahl 0-0: Fly out, F8 (Flyball, 8LM, EV 71.9 MPH)
Top of the 5th over - 0 runs, 2 hits, 0 errors, 2 left on base; Sydney 2 - London 4
BOTTOM OF THE 5TH
London Monarchs batting - Pitching for Sydney Sharks : RHP Callum Duckering
Batting: RHB Isaac Emmott 0-0: Ball
1-0: Ball
2-0: Ball
3-0: Called Strike
3-1: Foul Ball, location: 2F
3-2: Foul Ball, location: 2F
3-2: Base on Balls
Batting: RHB Jian-ying Xian 0-0: Called Strike
0-1: Ball
1-1: Grounds into double play, 6-4-3 (Groundball, 6, EV 107.5 MPH)
Batting: LHB Jae-hyung Chi 0-0: Called Strike
0-1: Ball
1-1: Ball
2-1: Foul Ball, location: 2F
2-2: Ball
3-2: DOUBLE (Flyball, 78XD, EV 105.0 MPH)
Batting: RHB Cary Brackett 0-0: Ball
1-0: Ground out 6-3 (Groundball, 56, EV 105.6 MPH)
Bottom of the 5th over - 0 runs, 1 hit, 0 errors, 1 left on base; Sydney 2 - London 4
TOP OF THE 6TH
Sydney Sharks batting - Pitching for London Monarchs : RHP Kaden Umair
Batting: RHB Talib bin Isra'il 0-0: Fly out, F9 (Flyball, 9, EV 96.9 MPH)
Batting: RHB Luke Collingridge 0-0: Ground out U3 (Groundball, 23, EV 83.8 MPH)
Batting: RHB Mohammed bin Mus'ad 0-0: Ball
1-0: Swinging Strike
1-1: Ball
2-1: Foul Ball, location: 2F
2-2: Foul Ball, location: 3SF
2-2: Ball
3-2: Fly out, F2 (Popup, 23F, EV 90.6 MPH)
Top of the 6th over - 0 runs, 0 hits, 0 errors, 0 left on base; Sydney 2 - London 4
BOTTOM OF THE 6TH
London Monarchs batting - Pitching for Sydney Sharks : RHP Callum Duckering
Batting: LHB Pedro Mendoza 0-0: Ball
1-0: Ball
2-0: Called Strike
2-1: Called Strike
2-2: Foul Ball, location: 2F
2-2: Strikes out swinging, 2-3 out at first.
Batting: LHB Mauro Felman 0-0: Ball
1-0: Ball
2-0: Foul Ball, location: 2F
2-1: Called Strike
2-2: Strikes out swinging
Batting: LHB Dan Beard 0-0: Called Strike
0-1: Ball
1-1: Swinging Strike
1-2: DOUBLE (Line Drive, 78D, EV 110.6 MPH)
Pitching: RHP Narihira Shini
Batting: RHB Dan Adams 0-0: Ball
1-0: DOUBLE (Line Drive, 89M, EV 106.9 MPH)
Dan Beard scores
Batting: LHB Tyler Pavey 0-0: Ball
1-0: Fly out, F4 (Popup, 4, EV 68.1 MPH)
Bottom of the 6th over - 1 run, 2 hits, 0 errors, 1 left on base; Sydney 2 - London 5
TOP OF THE 7TH
Sydney Sharks batting - Pitching for London Monarchs : RHP Kaden Umair
Pitching: RHP EwungaGoiba Ghera
Batting: SHB Milojica Kraljevic 0-0: Swinging Strike
0-1: Foul Ball, location: 23F
0-2: Ball
1-2: Strikes out swinging
Batting: SHB Wasim Ala' 0-0: Ball
1-0: Foul Ball, location: 2F
1-1: Foul Ball, location: 3F
1-2: Ball
2-2: Fly out, F7 (Flyball, 78S, EV 86.9 MPH)
Batting: LHB Wesley Johnson 0-0: Called Strike
0-1: Foul Ball, location: 7LDF
0-2: Foul Ball, location: 2F
0-2: Foul Ball, location: 23FF
0-2: Foul Ball, location: 2F
0-2: Ball
1-2: Ground out U3 (Groundball, 3L, EV 103.8 MPH)
Top of the 7th over - 0 runs, 0 hits, 0 errors, 0 left on base; Sydney 2 - London 5
BOTTOM OF THE 7TH
London Monarchs batting - Pitching for Sydney Sharks : RHP Narihira Shini
Batting: RHB Isaac Emmott 0-0: Called Strike
0-1: Fly out, F8 (Flyball, 78S, EV 90.6 MPH)
Batting: RHB Jian-ying Xian 0-0: Ball
1-0: Foul Ball, location: 2F
1-1: SINGLE (Groundball, 6MD, EV 107.5 MPH)
Batting: LHB Jae-hyung Chi 0-0: Ball
1-0: Ball
2-0: Foul Ball, location: 2F
2-1: Swinging Strike
2-2: Foul Ball, location: 7LSF
2-2: Foul Ball, location: 7LSF
2-2: Ball
3-2: Foul Ball, location: 2F
3-2: 2-RUN HOME RUN (Flyball, 9D, EV 98.1 MPH), Distance : 357 ft
Batting: RHB Cary Brackett 0-0: Called Strike
0-1: Called Strike
0-2: Ball
1-2: Ground out U3 (Groundball, 3L, EV 79.4 MPH)
Batting: LHB Pedro Mendoza 0-0: Ball
1-0: Ball
2-0: Ball
3-0: Called Strike
3-1: Swinging Strike
3-2: Strikes out swinging
Bottom of the 7th over - 2 runs, 2 hits, 0 errors, 0 left on base; Sydney 2 - London 7
TOP OF THE 8TH
Sydney Sharks batting - Pitching for London Monarchs : RHP EwungaGoiba Ghera
Batting: RHB Jamal bin Majd 0-0: Called Strike
0-1: Foul Ball, location: 2F
0-2: Ball
1-2: Ball
2-2: Fly out, F5 (Popup, 5SF, EV 81.9 MPH)
Batting: LHB Keaton Guest 0-0: Ball
1-0: Called Strike
1-1: Swinging Strike
1-2: Strikes out looking
Batting: RHB Oskar Lojdahl 0-0: Foul Ball, location: 25F
0-1: Ball
1-1: Foul Ball, location: 3DF
1-2: Ball
2-2: Foul Ball, location: 23F
2-2: Fly out, F9 (Flyball, 9S, EV 86.3 MPH)
Top of the 8th over - 0 runs, 0 hits, 0 errors, 0 left on base; Sydney 2 - London 7
BOTTOM OF THE 8TH
London Monarchs batting - Pitching for Sydney Sharks : RHP Narihira Shini
Pitching: RHP Jordan Knowles
Batting: LHB Mauro Felman 0-0: Foul Ball, location: 2RF
0-1: Ball
1-1: Swinging Strike
1-2: Foul Ball, location: 2F
1-2: Strikes out swinging
Batting: LHB Dan Beard 0-0: Ball
1-0: Foul Ball, location: 3SF
1-1: Fly out, F6 (Flyball, 6MD, EV 93.1 MPH)
Batting: RHB Dan Adams 0-0: Called Strike
0-1: Called Strike
0-2: Ball
1-2: Strikes out looking
Bottom of the 8th over - 0 runs, 0 hits, 0 errors, 0 left on base; Sydney 2 - London 7
TOP OF THE 9TH
Sydney Sharks batting - Pitching for London Monarchs : RHP EwungaGoiba Ghera
Batting: RHB Talib bin Isra'il 0-0: Called Strike
0-1: Ground out 6-3 (Groundball, 6, EV 86.9 MPH)
Pinch Hitting: LHB Sosa Seki 0-0: Ball
1-0: Ball
2-0: Foul Ball, location: 9LMFF
2-1: Foul Ball, location: 3FF
2-2: Ball
3-2: Strikes out looking
Batting: RHB Mohammed bin Mus'ad 0-0: Ball
1-0: Ground out 4-3 (Groundball, 4, EV 86.3 MPH)
Top of the 9th over - 0 runs, 0 hits, 0 errors, 0 left on base; Sydney 2 - London 7
Friday, March 22nd , 2024 - OOTP Baseball 24.9 Build 78